 Dungeon Crawl Stone Soup version 0.19.0 (webtiles) character file.

866 Lyric the Cutter (level 8, -8/49 HPs)
             Began as a Kobold Fighter on Nov 15, 2016.
             Was a Follower of Ashenzari.
             Killed from afar by Dowan (16 damage)
             ... with a stone arrow
             ... on level 4 of the Dungeon.
             The game lasted 00:34:18 (4899 turns).

Lyric the Cutter (Kobold Fighter)                   Turns: 4899, Time: 00:34:19

Health: -8/49      AC:  7    Str: 12 (15) XL:     8   Next: 23%
Magic:  8/8        EV:  9    Int:  6 (9)  God:    Ashenzari [*.....]
Gold:   292        SH:  9    Dex: 12 (15) Spells: 0 memorised, 7 levels left

rFire  x . .     SeeInvis .     a - +0 rapier
rCold  + . .     Gourm    .     b - +0 scale mail
rNeg   . . .     Faith    .     c - +0 shield
rPois  .         Spirit   .     (no helmet)
rElec  .         Reflect  .     (no cloak)
rCorr  .         Harm     .     (no gloves)
MR     .....                    (no boots)
Stlth  ..........               t - amulet of magic regeneration
                                (no ring)
                                q - ring of ice

@: very slightly contaminated, invisible
A: carnivore 3
a: Curse Item, Scrying, Renounce Religion


You were on level 4 of the Dungeon.
You worshipped Ashenzari.
Ashenzari was aware of your devotion.
You were completely stuffed.

You visited 1 branch of the dungeon, and saw 4 of its levels.

You collected 292 gold pieces.

Inventory:

Hand Weapons
 a - a +0 rapier (weapon)
Armour
 b - a +0 scale mail (worn)
 c - a +0 shield (worn)
Jewellery
 q - a ring of ice (left hand)
 t - an amulet of magic regeneration (around neck)
Scrolls
 g - 3 scrolls of identify {unknown}
 j - a scroll of magic mapping {unknown}
 l - a scroll of teleportation {unknown}
 m - a scroll of amnesia {unknown}
 o - 2 scrolls of enchant armour {unknown}
 r - 2 scrolls of random uselessness {unknown}
 s - a scroll of fear {unknown}
Potions
 e - a potion of brilliance {unknown}
 h - a potion of might
 n - 3 potions of curing {unknown}
 u - a potion of mutation {unknown}
 w - 2 potions of flight {unknown}
 x - a potion of lignification {unknown}
 z - 2 potions of agility {unknown}
Comestibles
 f - 5 meat rations
 k - a beef jerky
 v - a bread ration


   Skills:
 + Level 5.0 Fighting
 + Level 7.2 Short Blades
 + Level 4.0 Armour
 + Level 3.1 Dodging
 + Level 1.5 Stealth
 + Level 3.9 Shields


You had 7 spell levels left.
You didn't know any spells.

Dungeon Overview and Level Annotations

Branches:
Dungeon (4/15)
 Temple: D:4-7

Altars:
Ashenzari

Annotations:
D:4 Dowan


Innate Abilities, Weirdness & Mutations

You are small and have problems with some larger weapons.
You are carnivorous and can eat meat at any time.


Message History

* * * LOW HITPOINT WARNING * * *
Dowan closely misses you.
You hit Dowan but do no damage.
Dowan is heavily wounded.
Dowan gestures at you while chanting. The stone arrow hits you!
* * * LOW HITPOINT WARNING * * *
It was a potion of invisibility.
You fade into invisibility!
Dowan says, "Her death will not be in vain!"
Dowan gestures wildly while chanting.
Dowan completely misses you.
You are very lightly contaminated with residual magic.
Dowan gestures at something while chanting.
You block the stone arrow.
Dowan says, "Magic will overcome all!"
Dowan breathes, "And she was my only..."
Dowan casts a spell at something.
The stone arrow hits you!
You die...

#P....>..≈≈≈.# #.#
#.# #8..8##P≈≈≈≈.#
#.# #.# #P...#
..(...# #.# #.#
#P...######### #.#
#.#
##..>.....#######.#
#.#
#.#.####.##......#
#<# #.#.#
#.......########.#
..#.#
#.##.............#
e....#
#....e..@.......##
######
#.##.............#
#.##.##..######..#
#§§§..#..# #..#
#.§§.....# #..#
#.§§§.##.# #..#
##.§.§§##.# #..#
##...§..##.######..#
#...§#[............#


You could see Dowan.

Vanquished Creatures
  The ghost of PurpleOddity the Cutter, an amateur NaFi (D:4)
  Duvessa (D:4)
  A phantom (D:4)
  An ogre (D:4)
  A centaur zombie (D:4)
  An orc wizard (D:4)
  3 hounds (D:4)
  An iguana (D:4)
  2 worker ants (D:4)
  6 worker ant zombies (D:4)
  7 adders
  An ooze (D:4)
  An adder zombie (D:4)
  A worm (D:3)
  A dart slug (D:3)
  2 leopard geckos
  4 orcs
  A ball python (D:1)
  9 giant cockroaches
  5 goblins
  11 hobgoblins
  2 jackals (D:1)
  3 quokkas
  11 bats
  5 frilled lizards (D:2)
  2 jackal skeletons (D:4)
  9 kobolds
  A quokka zombie (D:4)
  5 rats
99 creatures vanquished.

Notes
Turn   | Place    | Note
-------+----------+-------------------------------------------
     0 | D:1      | Lyric the Kobold Fighter began the quest for the Orb.
     0 | D:1      | Reached XP level 1. HP: 14/14 MP: 1/1
   311 | D:1      | Reached XP level 2. HP: 19/19 MP: 2/2
   341 | D:1      | Reached skill level 3 in Short Blades
   577 | D:1      | Reached XP level 3. HP: 23/23 MP: 3/3
  1275 | D:2      | Found a faded altar of an unknown god.
  1417 | D:2      | Reached XP level 4. HP: 20/29 MP: 4/4
  2125 | D:2      | Became a worshipper of Ashenzari the Shackled
  2125 | D:2      | Reached * piety under Ashenzari
  2439 | D:3      | Reached XP level 5. HP: 33/33 MP: 5/5
  2851 | D:4      | Reached skill level 1 in Dodging
  2883 | D:4      | Reached skill level 4 in Short Blades
  3093 | D:4      | Reached skill level 1 in Stealth
  3117 | D:4      | Noticed an ogre
  3133 | D:4      | Killed an ogre
  3133 | D:4      | Reached skill level 5 in Short Blades
  3133 | D:4      | Reached XP level 6. HP: 19/38 MP: 6/6
  3174 | D:4      | Noticed PurpleOddity's ghost (amateur NaFi)
  3213 | D:4      | Killed PurpleOddity's ghost
  3213 | D:4      | Reached XP level 7. HP: 19/44 MP: 7/7
  3555 | D:4      | Reached skill level 6 in Short Blades
  3834 | D:4      | Noticed Dowan
  3835 | D:4      | Noticed Duvessa
  3893 | D:4      | Killed Duvessa
  3893 | D:4      | Reached XP level 8. HP: 37/48 MP: 8/8
  4002 | D:4      | Reached skill level 7 in Short Blades
  4413 | D:4      | Reached skill level 5 in Fighting
  4899 | D:4      | Killed from afar by Dowan

Skill      XL: |  1  2  3  4  5  6  7  8 |
---------------+-------------------------+-----
Short Blades   | 3 5 6 7 |  7.2
Shields        | 3 |  3.9
Fighting       | 4 5 |  5.0
Dodging        | 1 2 3 |  3.1
Armour         | 3 4 |  4.0
Stealth        | 1 |  1.5

Action                   |  1- 3 |  4- 6 |  7- 9 || total
-------------------------+-------+-------+-------++-------
Melee: Rapier            |   162 |   186 |   230 ||   578
  Use: Potion            |       |     1 |     5 ||     6
  Eat: Chunk             |     5 |     8 |     9 ||    22
Armor: Scale mail        |    70 |    42 |    53 ||   165
Dodge: Dodged            |    62 |    50 |    57 ||   169
Block: Shield            |    98 |    64 |    97 ||   259
